 Dungeon Crawl Stone Soup version 0.21.1-1-g345015fe64 (webtiles) character file.

1213 Mrkan the Basher (level 8, -4/74 HPs)
             Began as a Minotaur Fighter on May 10, 2018.
             Was a Believer of Okawaru.
             Slain by a sky beast (6 damage)
             ... on level 6 of the Dungeon.
             The game lasted 00:10:13 (5047 turns).

Mrkan the Basher (Minotaur Fighter)                 Turns: 5047, Time: 00:10:13

Health: -4/74      AC: 11    Str: 21    XL:     8   Next: 22%
Magic:  7/7        EV:  5    Int:  5    God:    Okawaru [**....]
Gold:   192        SH:  9    Dex: 12    Spells: 7/7 levels left

rFire    . . .     SeeInvis +   a - +1 flail
rCold    . . .     Gourm    .   c - +0 shield
rNeg     . . .     Faith    .   k - +0 chain mail
rPois    .         Spirit   .   (helmet restricted)
rElec    .         Reflect  .   (no cloak)
rCorr    .         Harm     .   n - +1 pair of gloves
MR       .....                  (no boots)
Stlth    ..........             (no amulet)
HPRegen  0.22/turn              p - ring of see invisible
MPRegen  0.10/turn              (no ring)

@: hasted, very quick
A: retaliatory headbutt, horns 2
a: Heroism, Renounce Religion


You were on level 6 of the Dungeon.
You worshipped Okawaru.
Okawaru was pleased with you.
You were not hungry.

You visited 1 branch of the dungeon, and saw 6 of its levels.

You collected 192 gold pieces.

Inventory:

Hand Weapons
 a - a +1 flail (weapon)
Armour
 c - a +0 shield (worn)
 k - a +0 chain mail (worn)
 n - a +1 pair of gloves (worn)
 C - a scarf of repulsion
Jewellery
 o - an uncursed ring of see invisible
 p - a ring of see invisible (left hand)
Wands
 u - a wand of paralysis (10)
 x - a wand of flame (32)
 y - a wand of clouds (7)
Scrolls
 j - 6 scrolls of remove curse
 r - 3 scrolls of identify
 v - a scroll of magic mapping {unknown}
 w - 3 scrolls of teleportation
 D - a scroll of brand weapon {unknown}
Potions
 b - 2 potions of degeneration {unknown}
 d - 2 potions of might
 h - 3 potions of curing
 i - a potion of berserk rage {unknown}
 l - a potion of lignification {unknown}
 m - 5 potions of flight {unknown}
 q - a potion of mutation {unknown}
 s - a potion of agility {unknown}
 t - a potion of ambrosia {unknown}
 z - a potion of cancellation {unknown}
 E - 2 potions of brilliance {unknown}
Books
 e - a book of Minor Magic

   Spells                             Type                      Level
   a - Magic Dart                     Conjuration                  1
   b - Blink                          Translocation                2
   c - Call Imp                       Summoning                    2
   d - Slow                           Hexes                        2
   e - Conjure Flame                  Conjuration/Fire             3
   f - Mephitic Cloud                 Conjuration/Poison/Air       3
 B - a book of Conjurations

   Spells                             Type                      Level
   a - Magic Dart                     Conjuration                  1
   b - Searing Ray                    Conjuration                  2
   c - Dazzling Spray                 Conjuration/Hexes            3
   d - Fulminant Prism                Conjuration/Hexes            4
   e - Force Lance                    Conjuration/Translocation    4
   f - Iskenderun's Mystic Blast      Conjuration                  4
Comestibles
 f - 10 rations
 A - 12 chunks of flesh


   Skills:
 + Level 7.7 Fighting
 * Level 9.9 Maces & Flails
 - Level 3.6 Armour
 - Level 3.6 Shields


You had 7 spell levels left.
You didn't know any spells.

Dungeon Overview and Level Annotations

Branches:
Dungeon (6/15)
 Temple: D:4-7

Altars:
Ashenzari
Nemelex Xobeh
Okawaru
The Shining One

Shops:
D:4 !


Innate Abilities, Weirdness & Mutations

You reflexively headbutt those who attack you in melee.
You have a pair of horns on your head.


Message History

The two-headed ogre hits you with a dire flail.
The two-headed ogre barely misses you.
You hit the two-headed ogre but do no damage.
The two-headed ogre is lightly wounded.
You block the sky beast's attack. The two-headed ogre barely misses you.
The two-headed ogre hits you with a giant spiked club!!
* * * LOW HITPOINT WARNING * * *
You sock the two-headed ogre!
Your headbutt misses the two-headed ogre.
The two-headed ogre is moderately wounded.
You block the sky beast's attack.
Drop what? 31/52 slots (_ for help) (? for menu, Esc to quit)
Okay, then.
You feel yourself speed up. You block the two-headed ogre's attack.
The two-headed ogre hits you with a giant spiked club.
* * * LOW HITPOINT WARNING * * *
The sky beast hits you.
* * * LOW HITPOINT WARNING * * *
The sky beast shocks you.
You die...

... .## ..# #...# #..######...#
.. #(#.##..#...##### .# .
##...##..##..#...### . #
...#....####...##...#.## . ##
........###...#.#......# .. .#
...........#..#...#...#.## ..
.#...##...####.O@#....###....##..
...# ##...# ##Y.....## ###......
...# #...## ##....## ##.....
...## #...#####..)# #..... ....##
#..........## ##.####
#....####...........## ##..#
#..........(.........# #..##
#..........######....#####.##
#...#......# ##....#....##


You could see a two-headed ogre and a sky beast.

Vanquished Creatures
  A wyvern (D:6)
  Menkaure (D:5)
  A black bear (D:5)
  An ogre (D:5)
  3 scorpions
  A howler monkey (D:4)
  A bullfrog skeleton (D:5)
  An orc priest (D:4)
  Natasha (thrice) (D:2)
  4 orc wizards
  4 worker ants
  10 adders
  A shadow imp (D:6)
  2 oozes (D:1)
  An adder zombie (D:5)
  An adder skeleton (D:5)
  2 worms
  5 dart slugs
  5 leopard geckos
  12 orcs
  6 bats
  3 giant cockroaches
  3 goblins
  12 hobgoblins
  5 jackals
  10 kobolds
  3 quokkas
  2 ball pythons (D:2)
  4 frilled lizards
  A jackal skeleton (D:5)
  3 leopard gecko skeletons
  2 quokka zombies
  9 rats
123 creatures vanquished.

Notes
Turn   | Place    | Note
-------+----------+-------------------------------------------
     0 | D:1      | Mrkan the Minotaur Fighter began the quest for the Orb.
     0 | D:1      | Reached XP level 1. HP: 19/19 MP: 0/0
    99 | D:1      | Reached skill level 3 in Maces & Flails
   102 | D:1      | Reached XP level 2. HP: 26/27 MP: 1/1
   144 | D:1      | Reached XP level 3. HP: 15/33 MP: 2/2
   506 | D:1      | Reached skill level 4 in Maces & Flails
  1164 | D:2      | Noticed Natasha
  1175 | D:2      | Killed Natasha
  1175 | D:2      | Reached XP level 4. HP: 22/41 MP: 3/3
  1189 | D:2      | Noticed Natasha
  1470 | D:2      | Killed Natasha
  1470 | D:2      | Reached skill level 5 in Maces & Flails
  1515 | D:2      | Noticed Natasha
  1523 | D:2      | Killed Natasha
  1628 | D:2      | Reached XP level 5. HP: 47/47 MP: 4/4
  1639 | D:2      | Reached skill level 5 in Fighting
  2362 | D:3      | Found a sparkling altar of Nemelex Xobeh.
  2615 | D:3      | Reached skill level 6 in Maces & Flails
  2810 | D:3      | Found a glowing golden altar of the Shining One.
  2810 | D:3      | Found an iron altar of Okawaru.
  2814 | D:3      | Became a worshipper of Warmaster Okawaru
  3295 | D:4      | Reached XP level 6. HP: 56/56 MP: 5/5
  3445 | D:4      | Reached skill level 7 in Maces & Flails
  3452 | D:4      | Found Safur's Distillery.
  3661 | D:5      | Entered Level 5 of the Dungeon
  3678 | D:5      | Noticed Menkaure
  3686 | D:5      | Killed Menkaure
  3686 | D:5      | Reached * piety under Okawaru
  3686 | D:5      | Reached skill level 8 in Maces & Flails
  3686 | D:5      | Reached XP level 7. HP: 54/64 MP: 6/6
  4419 | D:5      | Reached skill level 9 in Maces & Flails
  4731 | D:6      | Found a shattered altar of Ashenzari.
  4766 | D:6      | Reached XP level 8. HP: 70/73 MP: 7/7
  4989 | D:6      | Reached ** piety under Okawaru
  5035 | D:6      | Noticed a two-headed ogre
  5047 | D:6      | HP: 2/74 [sky beast (3)]
  5047 | D:6      | Slain by a sky beast

Skill      XL: |  1  2  3  4  5  6  7 |
---------------+----------------------+-----
Maces & Flails | 3 4 5 6 8 9 |  9.9
Fighting       | 4 5 6 7 |  7.7
Armour         | |  3.6
Shields        | |  3.6

Action                   |  1- 3 |  4- 6 |  7- 9 || total
-------------------------+-------+-------+-------++-------
Melee: Flail             |    91 |   136 |   116 ||   343
       Headbutt          |    11 |    23 |    22 ||    56
  Use: Scroll            |       |     9 |       ||     9
       Potion            |       |       |     1 ||     1
  Eat: Chunk             |     1 |     8 |     4 ||    13
Armor: Scale mail        |    54 |       |       ||    54
       Chain mail        |     6 |    62 |    54 ||   122
Dodge: Dodged            |    51 |    26 |    19 ||    96
Block: Shield            |    66 |    65 |    55 ||   186
